 Dungeon Sprint DCSS version 0.21-a0-94-gdd6ab6a (webtiles) character file.

5516 minicreteconcrete the Imperceptible (level 10, -8/53 HPs)
             Began as a Spriggan Assassin on July 1, 2017.
             Was an Elder of Uskayaw.
             Mangled by a spiny frog (19 damage)
             ... in the Dungeon (Sprint IX: "|||||||||||||||||||||||||||||").
             The game lasted 00:05:04 (890 turns).

minicreteconcrete the Imperceptible (SpAs)           Turns: 890, Time: 00:05:04

Health: -8/53      AC:  3    Str: 10    XL:     10   Next: 43%
Magic:  19/19      EV: 28    Int: 12    God:    Uskayaw [****..]
Gold:   21         SH:  0    Dex: 22    Spells: 9/9 levels left

rFire    . . .     SeeInvis +   a - +4 rapier (elec)
rCold    . . .     Gourm    .   (shield restricted)
rNeg     . . .     Faith    .   c - +0 robe
rPois    .         Spirit   .   (helmet restricted)
rElec    .         Reflect  .   d - +0 cloak
rCorr    .         Harm     .   (gloves unavailable)
MR       +....     NoTele   +   (boots unavailable)
Stlth    +++++++++.             (no amulet)
HPRegen  0.17/turn              t - +2 ring of evasion
MPRegen  0.16/turn              u - +3 ring of strength

@: flying, very quick
A: unfitting armour, see invisible, herbivore 3, speed 3, slow metabolism 2
a: Stomp, Line Pass, Renounce Religion


You were in the Dungeon.
You worshipped Uskayaw.
Uskayaw was aware of your devotion.
You were not hungry.

You visited 1 branch You collected 21 gold pieces.

Inventory:

Hand Weapons
 a - a +4 rapier of electrocution (weapon)
 b - a +0 blowgun
 s - a +2 dagger
Missiles
 e - 8 poisoned needles
 f - 2 curare-tipped needles
Armour
 c - a +0 robe (worn)
 d - a +0 cloak (worn)
Magical Staves
 r - an uncursed staff of energy
Jewellery
 t - a +2 ring of evasion (left hand)
 u - a +3 ring of strength (right hand)
Wands
 l - a wand of polymorph (11/24)
 q - a wand of iceblast (4/15)
Scrolls
 m - 2 scrolls of blinking
 o - 3 scrolls of remove curse
 p - 2 scrolls of amnesia
 x - a scroll of fear
 y - 2 scrolls of recharging
 z - a scroll of fog
 B - 2 scrolls of enchant armour
Potions
 h - 7 potions of curing
 i - 5 potions of heal wounds
 j - a potion of haste
 k - 4 potions of magic
 v - a potion of berserk rage
 w - a potion of mutation
Comestibles
 g - a bread ration


   Skills:
 + Level 6.3 Fighting
 + Level 11.7 Short Blades
 + Level 3.4 Throwing
 + Level 8.6 Dodging
 * Level 23.4 Stealth
 * Level 11.4 Invocations
 - Level 1.6 Evocations


You had 9 spell levels left.
You didn't know any spells.

Dungeon Overview and Level Annotations

Branches:
Dungeon (1/1)

Altars:
Cheibriados
Dithmenos
Elyvilon
Fedhas
Gozag
Hepliaklqana
Kikubaaqudgha
Makhleb
Nemelex Xobeh
Okawaru
Qazlal
Ru
Sif Muna
Trog
Uskayaw
Vehumet
Wu Jian
Xom
Yredelemnul
Zin
The Shining One
Beogh
Jiyva
Lugonu


Innate Abilities, Weirdness & Mutations

You are very small and have problems with some larger weapons.
You are too small for most types of armour.
You have supernaturally acute eyesight. (SInv)
You are a herbivore.
You cover ground extremely quickly.
You need consume almost no food.


Message History

The polar bear misses you. The polar bear completely misses you.
The polar bear closely misses you.
You hit the polar bear but do no damage.
The polar bear is heavily wounded.
The polar bear misses you. The polar bear completely misses you.
The polar bear claws you.
* * * LOW HITPOINT WARNING * * *
You hit the polar bear.
Lightning courses through the polar bear!
You kill the polar bear!
The spiny frog is no longer sharing its pain.
You barely miss the spiny frog.
The spiny frog is heavily wounded.
The spiny frog completely misses you.
You barely miss the spiny frog.
The spiny frog is heavily wounded.
You hit the spiny frog.
The spiny frog is heavily wounded.
The spiny frog stings you!!
You die...

▓▓▓▓▓▓▓▓▓▓▓▓▓▓▓▓▓▓▓▓▓▓▓▓
......F@.'.......††'....
▓▓▓▓▓▓▓▓▓▓▓▓▓▓▓▓▓▓▓▓▓▓▓▓▓▓▓▓▓▓▓▓▓
.................................
▓▓▓▓▓▓▓▓▓▓▓▓▓▓▓▓▓▓▓▓▓▓▓▓▓▓▓▓▓▓▓▓▓
.[[[)...'________________________
▓▓▓▓▓▓▓▓▓▓▓▓▓▓▓▓▓▓▓▓▓▓▓▓▓▓▓▓▓▓▓▓▓


You could see a spiny frog.

Vanquished Creatures
  A hydra (D)
  A centaur warrior (D)
  A two-headed ogre (D)
  A black mamba (D)
  Maurice (D)
  2 komodo dragons (D)
  A polar bear (D)
  3 hippogriffs (D)
  A wyvern (D)
  A wraith (D)
  A shadow (D)
  2 hungry ghosts (D)
  4 porcupines (D)
  An ice beast (D)
  An ogre (D)
  A crocodile (D)
  3 bullfrogs (D)
  A quasit (D)
  2 hounds (D)
  An adder (D)
  An orc (D)
  A goblin (D)
  2 jackals (D)
  2 quokkas (D)
  2 bats (D)
  A jackal skeleton (D)
  A rat (D)
40 creatures vanquished.

Notes
Turn   | Place    | Note
-------+----------+-------------------------------------------
     0 | D        | minicreteconcrete the Spriggan Assassin began the quest for the Orb.
     0 | D        | Reached XP level 1. HP: 10/10 MP: 2/2
     9 | D        | Reached skill level 6 in Stealth
    32 | D        | Reached skill level 7 in Stealth
   146 | D        | Noticed an ice beast
   146 | D        | Noticed a quasit
   162 | D        | Killed a quasit
   162 | D        | Reached skill level 10 in Stealth
   162 | D        | Reached XP level 2. HP: 16/16 MP: 3/3
   162 | D        | Reached XP level 3. HP: 19/19 MP: 4/4
   167 | D        | Killed an ice beast
   167 | D        | Reached skill level 5 in Short Blades
   167 | D        | Reached skill level 12 in Stealth
   167 | D        | Reached XP level 4. HP: 24/24 MP: 5/5
   175 | D        | Found a roughly hewn altar of Beogh.
   175 | D        | Found a snail-covered altar of Cheibriados.
   175 | D        | Found a shadowy altar of Dithmenos.
   175 | D        | Found a white marble altar of Elyvilon.
   175 | D        | Found a blossoming altar of Fedhas.
   175 | D        | Found an opulent altar of Gozag.
   176 | D        | Found a hazy altar of Hepliaklqana.
   177 | D        | Found a viscous altar of Jiyva.
   178 | D        | Found an ancient bone altar of Kikubaaqudgha.
   179 | D        | Found a corrupted altar of Lugonu.
   180 | D        | Found a burning altar of Makhleb.
   181 | D        | Found a sparkling altar of Nemelex Xobeh.
   182 | D        | Found an iron altar of Okawaru.
   183 | D        | Found a stormy altar of Qazlal.
   184 | D        | Found a sacrificial altar of Ru.
   185 | D        | Found a deep blue altar of Sif Muna.
   186 | D        | Found a bloodstained altar of Trog.
   187 | D        | Found a hide-covered altar of Uskayaw.
   188 | D        | Found a radiant altar of Vehumet.
   189 | D        | Found an ornate altar of the Wu Jian Council.
   190 | D        | Found a shimmering altar of Xom.
   191 | D        | Found a basalt altar of Yredelemnul.
   192 | D        | Found a glowing silver altar of Zin.
   193 | D        | Found a glowing golden altar of the Shining One.
   195 | D        | Became a worshipper of Uskayaw the Reveler
   240 | D        | Noticed a hungry ghost
   240 | D        | Noticed a hungry ghost
   240 | D        | Noticed a two-headed ogre
   241 | D        | Reached * piety under Uskayaw
   243 | D        | Reached ** piety under Uskayaw
   246 | D        | Killed a two-headed ogre
   246 | D        | Reached skill level 5 in Dodging
   246 | D        | Reached skill level 18 in Stealth
   246 | D        | Reached skill level 5 in Invocations
   246 | D        | Reached skill level 1 in Evocations
   246 | D        | Reached XP level 5. HP: 30/30 MP: 5/9
   246 | D        | Reached XP level 6. HP: 34/34 MP: 5/10
   246 | D        | Reached XP level 7. HP: 38/38 MP: 5/11
   247 | D        | Reached *** piety under Uskayaw
   255 | D        | Reached **** piety under Uskayaw
   256 | D        | Killed a hungry ghost
   258 | D        | Reached ***** piety under Uskayaw
   261 | D        | Killed a hungry ghost
   261 | D        | Reached XP level 8. HP: 42/42 MP: 6/13
   267 | D        | Noticed a centaur warrior
   271 | D        | Reached skill level 5 in Fighting
   271 | D        | Reached skill level 19 in Stealth
   279 | D        | Reached ****** piety under Uskayaw
   280 | D        | Killed a centaur warrior
   280 | D        | Reached skill level 10 in Short Blades
   280 | D        | Reached skill level 20 in Stealth
   280 | D        | Reached XP level 9. HP: 47/47 MP: 8/15
   340 | D        | Noticed Maurice
   347 | D        | Killed Maurice
   396 | D        | Noticed a komodo dragon
   398 | D        | Reached skill level 21 in Stealth
   400 | D        | Killed a komodo dragon
   419 | D        | Noticed a komodo dragon
   419 | D        | Noticed a black mamba
   420 | D        | Noticed a seven-headed hydra
   421 | D        | Reached skill level 22 in Stealth
   676 | D        | Killed a black mamba
   676 | D        | Reached skill level 10 in Invocations
   676 | D        | Reached XP level 10. HP: 41/53 MP: 18/18
   868 | D        | Noticed a spiny frog
   875 | D        | Killed a seven-headed hydra
   875 | D        | Reached skill level 23 in Stealth
   890 | D        | Mangled by a spiny frog

Vault maps used:
D:        linesprint

Skill      XL: |  1  2  3  4  5  6  7  8  9 10 |
---------------+-------------------------------+-----
Stealth        | 10 12 18 20 22 23 | 23.4
Dodging        | 2 3 5 7 8 |  8.6
Fighting       | 2 3 4 5 6 |  6.3
Short Blades   | 3 5 8 10 11 | 11.7
Throwing       | 3 |  3.4
Invocations    | 5 6 10 11 | 11.4
Evocations     | 1 |  1.6

Action                   |  1- 3 |  4- 6 |  7- 9 | 10-12 || total
-------------------------+-------+-------+-------+-------++-------
Melee: Dagger            |    55 |     3 |       |       ||    58
       Rapier            |       |     4 |    55 |    23 ||    82
Invok: Grand Finale      |       |       |     1 |     1 ||     2
Evoke: Wand              |       |     1 |       |     2 ||     3
  Use: Potion            |     1 |     1 |       |     1 ||     3
       Scroll            |       |       |     2 |       ||     2
 Stab: Invisible         |       |     2 |     1 |       ||     3
       Paralysed         |       |       |     3 |     2 ||     5
       Sleeping          |       |       |     5 |       ||     5
       Distracted        |       |       |     1 |       ||     1
Armor: Robe              |    11 |       |     1 |     1 ||    13
Dodge: Dodged            |    48 |     8 |    28 |    31 ||   115
